Map: Lerilak Crest

Players

Bop - Winner!

  • Race: Zerg Zerg

Bones

  • Race: Protoss Protoss

VOD

Have the link to the VOD?

Description

Time

  • Played on: May 1, 2015, 1:19 a.m.
  • Length: 17:24
Show
View Real Time Build Order
Export as new Build Order

Bop Zerg - Winner!

Build Orders: 3 Hatch before Pool 

Get SALT Encoding   

  12  0:00  Drone  
  13  0:09  Drone  
  14  0:18  Drone, Extractor  
  15  0:23  Extractor  
  15  0:24  Drone, Extractor  
  16  0:44  Hatchery  
  15  1:05  Hatchery  
  14  1:14  Drone, Extractor  
  14  1:16  Drone, Extractor  
  16  1:28  Spawning Pool  
  15  1:35  Overlord  
  15  1:53  Drone x3  
  18  1:57  Drone  
  19  2:04  Drone  
  20  2:13  Drone  
  21  2:17  Drone x2  
  21  2:18  Drone, Queen  
  26  2:24  Queen  
  26  2:28  Zergling x2  
  29  2:30  Zergling x2  
  30  2:41  Drone x4  
  34  2:47  Overlord  
  34  2:52  Extractor x2, Queen  
  36  3:02  Overlord  
  36  3:09  Drone  
  36  3:10  Drone x3  
  36  3:11  Extractor  
  39  3:13  Extractor  
  39  3:17  Zergling x6  
  41  3:24  Drone  
  41  3:25  Drone  
  43  3:28  Queen  
  43  3:32  Overlord  
  45  3:35  Drone x3  
  45  3:36  Roach Warren  
  47  3:48  Drone x3  
  50  3:56  Overlord x2  
  50  3:58  Lair  
  50  4:07  Drone x6  
  56  4:12  Extractor  
  55  4:23  Roach x5  
  64  4:27  Roach  
  64  4:28  Overlord  
  66  4:39  Roach x3  
  66  4:40  Overlord x2  
  72  4:49  Roach x3  
  77  5:02  Roach  
  77  5:03  Roach x3  
  84  5:13  Roach  
  84  5:14  Roach x3  
  92  5:20  Overlord  
  90  5:23  Roach x2  
  90  5:26  Zergling x4  
  90  5:27  Zergling x2  
  97  5:28  Overlord  
  97  5:33  Roach  
  95  5:39  Roach x5  
  95  5:46  Zergling x6  
  96  5:54  Drone x3  
  99  5:58  Extractor  
  99  6:02  Metabolic Boost  
  98  6:08  Roach x5  
  103  6:19  Drone x2  
  103  6:20  Drone x5  
  103  6:22  Overlord  
  108  6:26  Drone x3  
  107  6:33  Drone x3  
  107  6:35  Glial Reconstitution  
  107  6:37  Burrow  
  110  6:40  Drone x4  
  110  6:43  Overseer  
  107  6:57  Roach  
  107  6:58  Roach x5  
  119  7:07  Drone x3  
  122  7:08  Overlord  
  122  7:09  Overlord  
  122  7:21  Overlord x2  
  120  7:47  Zergling x24  
  130  7:56  Roach x16  
  130  8:00  Zergling x18  
  139  8:07  Zergling x4  
  139  8:10  Roach x16  
  135  8:21  Ravager x2  
  135  8:22  Ravager x10  
  135  8:26  Zergling x2  
  145  8:27  Zergling x8  
  145  8:31  Roach x6  
  145  8:32  Roach x3  
  137  8:43  Roach x5  
  137  8:47  Drone x2  
  127  8:58  Roach x6  
  127  9:00  Roach x8  
  136  9:06  Overlord x3  
  106  9:18  Roach x6  
  106  9:23  Roach x4  
  94  9:39  Roach x3  
  94  9:40  Roach x5  
  94  9:43  Hatchery  
  106  9:53  Roach x8  
  106  9:55  Drone x4  
  104  10:01  Roach x2  
  100  10:19  Zergling x10  
  99  10:24  Hatchery  
  92  10:35  Roach  
  92  10:36  Roach x3  
  94  10:43  Overseer  
  94  10:49  Overseer  
  90  10:52  Overseer  
  90  10:54  Queen x4  
  98  11:01  Roach x2  
  98  11:02  Roach x6  
  114  11:06  Spore Crawler  
  114  11:10  Zergling x2  
  114  11:11  Zergling x4  
  112  11:12  Drone  
  112  11:16  Ravager x3  
  112  11:17  Ravager  
  115  11:19  Drone x3  
  115  11:20  Spore Crawler  
  115  11:22  Spine Crawler  
  115  11:28  Zergling x8  
  119  11:36  Zergling x4  
  119  11:37  Zergling x8  
  125  11:47  Roach x2  
  125  11:48  Roach x2  
  125  11:54  Ravager x3  
  136  12:09  Pneumatized Carapace  
  136  12:14  Roach x2  
  136  12:26  Roach x4  
  136  12:27  Overlord x2  
  136  12:29  Drone x3  
  145  12:30  Drone  
  144  12:47  Drone x6  
  144  12:48  Roach  
  144  12:49  Roach, Extractor  
  152  12:55  Ravager  
  152  12:56  Ravager  
  154  13:00  Overseer  
  154  13:06  Roach  
  154  13:07  Roach x2  
  158  13:24  Roach x28  
  150  13:27  Roach  
  150  13:28  Roach x8  
  164  13:37  Roach x25  
  161  13:48  Roach x4  
  149  13:58  Roach x8  
  157  14:06  Overseer  
  157  14:10  Roach x3  
  161  14:19  Overlord x3  
  161  14:23  Ravager  
  162  14:32  Roach x35  
  162  14:33  Roach x2  
  166  14:49  Roach x13  
  166  14:52  Roach  
  167  14:53  Roach x17  
  167  14:54  Overlord, Roach x3  
  187  15:07  Roach x2  
  187  15:11  Overlord x2  
  189  15:16  Roach x13  
  185  15:25  Overlord  
  185  15:26  Roach x6  
  189  15:34  Roach x3  
  189  15:35  Roach x17  
  181  15:43  Roach x7  
  164  15:58  Roach  
  164  15:59  Roach x5  
  164  16:03  Drone x2  
  169  16:06  Drone  
  169  16:18  Roach x4  
  167  16:23  Drone x2  
  167  16:24  Drone x5, Extractor  
  172  16:30  Roach x10  
  172  16:31  Evolution Chamber  
  162  16:47  Roach x8  
  162  16:51  Roach  
  170  16:55  Ravager x2, Roach x5  
  170  16:56  Ravager x2  
Show
View Real Time Build Order
Export as new Build Order

Bones Protoss 

Build Orders: Nexus First 

Get SALT Encoding   

  12  0:01  Probe  
  13  0:14  Probe  
  14  0:40  Nexus  
  14  0:48  Pylon  
  14  1:06  Gateway  
  14  1:12  Probe (Chrono Boost)  
  15  1:22  Probe (Chrono Boost)  
  16  1:29  Probe (Chrono Boost)  
  17  1:39  Probe (Chrono Boost)  
  18  1:43  Assimilator  
  18  1:44  Assimilator  
  18  1:46  Probe (Chrono Boost)  
  20  1:56  Probe (Chrono Boost)  
  20  1:57  Probe (Chrono Boost)  
  21  2:02  Cybernetics Core  
  21  2:03  Probe (Chrono Boost)  
  21  2:05  Zealot  
  21  2:08  Probe (Chrono Boost)  
  26  2:15  Probe (Chrono Boost)  
  26  2:21  Probe (Chrono Boost)  
  28  2:23  Probe (Chrono Boost)  
  29  2:31  Pylon  
  29  2:32  Probe (Chrono Boost)  
  29  2:34  Probe (Chrono Boost)  
  30  2:40  Adept (Chrono Boost), Warp Gate  
  30  2:43  Probe (Chrono Boost)  
  30  2:44  Probe (Chrono Boost)  
  34  2:51  Probe  
  34  2:53  Probe  
  34  2:56  Twilight Council  
  35  3:03  Probe  
  35  3:04  Adept (Chrono Boost)  
  38  3:05  Probe  
  39  3:21  Probe  
  39  3:22  Probe  
  39  3:25  Pylon  
  41  3:27  Adept  
  43  3:34  Probe  
  44  3:43  Probe  
  45  3:55  Gateway  
  45  3:56  Gateway  
  45  3:59  Gateway  
  45  4:04  Gateway  
  45  4:06  Mothership Core, Gateway x2, Shield Upgrade (Chrono Boost)  
  45  4:08  Gateway  
  47  4:14  Pylon  
  47  4:31  Probe x2  
  47  4:38  Pylon  
  49  4:51  Pylon  
  49  4:54  Adept x4  
  57  5:04  Adept  
  57  5:05  Adept x3  
  65  5:14  Pylon  
  65  5:16  Adept x4  
  65  5:19  Pylon  
  65  5:20  Pylon  
  71  5:26  Adept x2  
  71  5:31  Adept x2  
  67  5:37  Stalker x2  
  61  5:43  Adept x2  
  61  5:49  Probe (Chrono Boost)  
  61  5:50  Probe (Chrono Boost)  
  57  5:59  Probe x2 (Chrono Boost), Assimilator  
  57  6:00  Assimilator  
  59  6:06  Adept x2  
  59  6:07  Adept x2  
  57  6:43  Stalker x3  
  57  6:50  Probe x2  
  57  6:51  Forge  
  57  7:02  Probe  
  57  7:03  Probe, Pylon  
  57  7:08  Nexus, Pylon  
  59  7:11  Pylon  
  59  7:16  Pylon  
  59  7:17  Adept x2  
  59  7:18  Adept x2  
  59  7:20  Sentry x2  
  59  7:21  Sentry  
  73  7:32  Photon Cannon  
  73  7:37  Photon Cannon  
  73  7:43  Twilight Council  
  73  7:47  Adept x3  
  73  7:48  Pylon  
  73  7:50  Adept  
  80  8:07  Photon Cannon  
  80  8:09  Photon Cannon  
  80  8:19  Adept x4  
  88  8:20  Adept x2  
  84  8:39  Photon Cannon  
  82  8:42  Twilight Council  
  82  8:47  Adept x6  
  82  8:48  Adept  
  92  8:57  Sentry  
  84  9:11  Adept x2  
  84  9:13  Adept  
  88  9:23  Adept, Dark Shrine  
  60  9:46  Stalker x3  
  62  10:00  Gateway x2  
  62  10:01  Pylon  
  62  10:02  Pylon  
  58  10:20  Stalker x3  
  64  10:27  Pylon  
  60  10:35  Dark Templar  
  55  10:40  Dark Templar  
  57  10:43  Dark Templar  
  57  10:44  Dark Templar  
  59  11:11  Dark Templar x3  
  63  11:14  Adept x2  
  67  11:19  Archon  
  67  11:20  Archon  
  67  11:25  Photon Cannon  
  67  11:27  Adept x2  
  67  11:32  Gateway  
  71  11:33  Gateway, Pylon  
  71  11:40  Sentry  
  71  11:41  Sentry  
  71  11:43  Robotics Facility  
  75  11:50  Adept x3  
  75  11:51  Adept  
  83  11:58  Protoss Ground Weapons Level 1 (Chrono Boost)  
  83  12:33  Observer (Chrono Boost)  
  83  12:34  Dark Templar x2  
  83  12:35  Dark Templar x2  
  92  12:43  Archon x2  
  92  13:00  Sentry x2  
  96  13:14  Immortal (Chrono Boost)  
  92  13:28  Adept x3  
  92  13:30  Sentry x2  
  89  13:50  Dark Templar  
  91  14:08  Adept  
  91  14:09  Adept x2  
  95  14:53  Pylon  
  95  15:11  Immortal (Chrono Boost)  
  91  15:30  Dark Templar x2  
  77  16:25  Archon  
  75  16:28  Sentry x2  
  75  16:29  Sentry  
  75  16:30  Observer  
Tags
 
Add a new tag
Caveats
  • Supply blocks, unpowered buildings, or Contaminate may cause inaccurate times.
  • Supply counts are checked every 10 seconds.